 Dungeon Crawl Stone Soup version 0.29.1-1-gd02db6906a (webtiles) character file.

Game seed: 5489300999364571278

931 lonewolfV2 the Trooper (level 8, -3/51 HPs)
             Began as a Gargoyle Fighter on Oct 17, 2022.
             Slain by an ice beast (11 damage)
             ... on level 5 of the Dungeon.
             The game lasted 00:10:48 (6111 turns).

lonewolfV2 the Trooper (Gargoyle Fighter)           Turns: 6111, Time: 00:10:49

Health: -3/51      AC: 14    Str: 20    XL:     8   Next: 11%
Magic:  8/8        EV:  9    Int:  9    God:
Gold:   240        SH:  5    Dex: 11    Spells: 7/7 levels left

rFire   x . .      SeeInvis .   q - +3 whip of Uskayaw's Vengeance {spect, rPois rF- Will++ Stlth+}
rCold   . . .      Faith    .   c - +0 buckler
rNeg    + . .      Spirit   .   s - +0 scale mail {Will+}
rPois   ∞          Reflect  .   (no helmet)
rElec   +          Harm     .   (no cloak)
rCorr   .          Rampage  .   (no gloves)
Will    +++..                   h - +0 pair of boots
Stlth   +.........              (no amulet)
HPRegen 0.17/turn               (no ring)
MPRegen 0.11/turn               (no ring)

@: no status effects
A: sickness immunity, AC +5, negative energy resistance 1, electricity
resistance, torment resistance 1, petrification resistance
a: no special abilities


You were on level 5 of the Dungeon.
You visited 1 branch of the dungeon, and saw 5 of its levels.

You collected 240 gold pieces.

Inventory:

Hand Weapons
 a - a +1 flail of venom
 q - the +3 whip of Uskayaw's Vengeance (weapon) {spect, rPois rF- Will++ Stlth+}
   (You found it on level 3 of the Dungeon)

   When its wielder attacks, the weapon's spirit leaps out and strikes again.
   The spirit shares a part of any damage it takes with its wielder.
   rF:        It makes you vulnerable to fire.
   rPois:     It protects you from poison.
   Will:      It greatly increases your willpower.
   Stlth:     It makes you more stealthy.
Missiles
 k - a throwing net (quivered)
Armour
 c - a +0 buckler (worn)
 h - a +0 pair of boots (worn)
 s - a +0 scale mail of willpower (worn)
Wands
 b - a wand of polymorph (9)
Scrolls
 f - 4 scrolls of teleportation
 j - 2 scrolls of amnesia
 o - a scroll of enchant weapon
 r - 2 scrolls of identify
 t - a scroll of vulnerability {unknown}
Potions
 d - a potion of might
 e - 2 potions of berserk rage
 g - a potion of curing
 i - a potion of mutation
 l - 2 potions of degeneration {unknown}
 m - 2 potions of haste {unknown}
 n - a potion of heal wounds {unknown}
 p - a potion of attraction {unknown}


   Skills:
 + Level 5.7 Fighting
 * Level 5.4 Maces & Flails
 + Level 5.7 Armour
 + Level 5.7 Shields


You had 7 spell levels left.
You didn't know any spells.
Your spell library contained the following spells:

 Spells                   Type           Power      Damage    Failure   Level
 Sting                    Tmut/Pois      0%         1d3       80%         1
 Poisonous Vapours        Pois/Air       0%         N/A       91%         2
 Ozocubu's Armour         Ice            0%         N/A       99%         3
 Olgreb's Toxic Radiance  Pois           0%         N/A       100%        4
 Metabolic Englaciation   Hex/Ice        0%         N/A       100%        5
 Simulacrum               Ice/Necr       0%         N/A       100%        6


Dungeon Overview and Level Annotations

Branches:
Dungeon (5/15)
 Temple: D:4-7

Altars:
Dithmenos
Uskayaw
Vehumet
Zin


Innate Abilities, Weirdness & Mutations

You are immune to sickness and miasma.
Your stone body is resilient. (AC +5)
You are immune to poison.
You resist negative energy. (rN+)
You are resistant to electric shocks. (rElec)
You are resistant to unholy torment.
You are immune to petrification.


Message History

The ice beast barely misses you.
You hit the ice beast.
The ice beast is moderately wounded.
You hear an angry hiss.
You block the ice beast's attack.
You hit the ice beast.
The ice beast is moderately wounded.
The ice beast closely misses you.
You hit the ice beast but do no damage.
The ice beast is moderately wounded.
You closely miss the ice beast.
The ice beast is moderately wounded.
The ice beast completely misses you.
You closely miss the ice beast.
The ice beast is moderately wounded.
The ice beast hits you but does no damage.
You hit the ice beast.
The ice beast is heavily wounded.
You hear an angry hiss.
The ice beast hits you. The ice beast freezes you.
You barely miss the ice beast.
The ice beast is heavily wounded.
You block the ice beast's attack.
You hit the ice beast but do no damage.
The ice beast is heavily wounded.
The ice beast hits you but does no damage.
You hit the ice beast.
The ice beast is severely wounded.
The ice beast closely misses you.
You hit the ice beast.
The ice beast is severely wounded.
The ice beast hits you. The ice beast freezes you!
* * * LOW HITPOINT WARNING * * *
You completely miss the ice beast.
The ice beast is severely wounded.
You hear an angry hiss.
The ice beast hits you.
* * * LOW HITPOINT WARNING * * *
The ice beast freezes you!
You die...

####.... #
#..'.... #.
.####.... #.#
#.# ##... #..#
#..# ##..
##..## #..#
#..
#.#..###..#
##. #Y#..#..#
## #@#...# #
####.#######
## #.......#
##. ##..###.#
#.. #..###.#
##. #..#...#
##
#......#######
#.##..........
#.###..#######


You could see an ice beast.

Vanquished Creatures
  Sigmund (D:2)
  Edmund (D:4)
  A water moccasin (D:5)
  A black bear (D:4)
  An orc priest (D:5)
  4 hounds
  Ijyb (D:4)
  Terence (D:2)
  2 iguanas
  Robin (D:2)
  4 adders
  A shadow imp (D:5)
  2 ufetubi (D:5)
  2 dart slugs
  2 worms
  13 orcs
  7 endoplasms
  4 giant cockroaches
  14 goblins
  11 hobgoblins
  5 jackals
  6 kobolds
  2 quokkas (D:1)
  7 ball pythons
  5 bats
  4 frilled lizards
  2 kobold zombies (D:5)
  5 rats
110 creatures vanquished.

Notes
Turn   | Place    | Note
-------+----------+-------------------------------------------
     0 | D:1      | lonewolfV2 the Gargoyle Fighter began the quest for the
                  | Orb.
     0 | D:1      | Reached XP level 1. HP: 14/14 MP: 1/1
    32 | D:1      | Found a faded altar of an unknown god.
   256 | D:1      | Reached XP level 2. HP: 19/19 MP: 2/2
   441 | D:1      | Reached XP level 3. HP: 15/23 MP: 3/3
  1202 | D:2      | Noticed Robin
  1204 | D:2      | Killed Robin
  1909 | D:2      | Reached XP level 4. HP: 29/29 MP: 4/4
  2078 | D:2      | Noticed Terence
  2091 | D:2      | Killed Terence
  2092 | D:2      | Reached XP level 5. HP: 20/33 MP: 5/5
  2421 | D:2      | Noticed Sigmund
  2460 | D:2      | Killed Sigmund
  2461 | D:2      | Reached XP level 6. HP: 5/39 MP: 6/6
  3750 | D:3      | Identified the +3 whip of Uskayaw's Vengeance {spect, rPois
                  | rF- Will++ Stlth+}
  4135 | D:4      | Noticed a black bear
  4144 | D:4      | Killed a black bear
  4145 | D:4      | Reached skill level 5 in Fighting
  4145 | D:4      | Reached skill level 5 in Armour
  4145 | D:4      | Reached skill level 5 in Shields
  4145 | D:4      | Reached XP level 7. HP: 33/44 MP: 7/7
  4632 | D:4      | Noticed Edmund
  4643 | D:4      | Killed Edmund
  4830 | D:4      | Noticed Ijyb
  4847 | D:4      | Killed Ijyb
  5439 | D:5      | Entered Level 5 of the Dungeon
  5671 | D:5      | Reached skill level 5 in Maces & Flails
  5799 | D:5      | Reached XP level 8. HP: 33/51 MP: 8/8
  5932 | D:5      | Found a radiant altar of Vehumet.
  5933 | D:5      | Found a glowing silver altar of Zin.
  5935 | D:5      | Found a hide-covered altar of Uskayaw.
  5936 | D:5      | Found a shadowy altar of Dithmenos.
  6111 | D:5      | Slain by an ice beast

Illustrated notes

Levels and vault maps discovered:
D:1:      psy_arrival_heroes, layout_basic, ebering_ecumenical_altar_petrified,
          minmay_heptomino_w4
D:2:      layout_basic, minmay_fractal_squares_5, uniq_terence, uniq_robin,
          uniq_sigmund
D:3:      layout_loops_ring
D:4:      layout_basic, uniq_ijyb, uniq_edmund
D:5:      minmay_diamond_boxcup, layout_loops_corners,
          grunt_temple_overflow_open, nicolae_ossuary_entry_giza, st_stairs_1,
          uniq_grinder

Skill      XL: |  1  2  3  4  5  6  7 |
---------------+----------------------+-----
Fighting       | 4 5 |  5.7
Armour         | 4 5 |  5.7
Shields        | 4 5 |  5.7
Maces & Flails | 3 4 5 |  5.4

Action                   |  1- 3 |  4- 6 |  7- 9 || total
-------------------------+-------+-------+-------++-------
Melee: Flail             |   130 |   145 |       ||   275
       Whip              |       |    11 |   120 ||   131
  Use: Scroll            |     4 |     6 |     2 ||    12
       Potion            |       |     1 |       ||     1
 Stab: Distracted        |       |       |     1 ||     1
Armor: Scale mail        |   123 |    95 |    68 ||   286
Dodge: Dodged            |    97 |    89 |    52 ||   238
Block: Buckler           |    34 |    50 |    38 ||   122
